TOP OF THE 1ST |
Princeton Rays batting - Pitching for Texas (APP) Rangers : LHP Michael Colin
|
Pitching: LHP Michael Colin
|
|
Batting: RHB Wan-ling Zhu
|
0-0: Ball 1-0: Called Strike 1-1: SINGLE (Groundball, 4MD, EV 111.9 MPH)
|
Batting: SHB Omar Cervantes
|
0-0: Ball 1-0: Ball 2-0: Foul Ball, location: 2F 2-1: Fielders Choice at 2nd, 3-6 (Groundball, 34S, EV 89.4 MPH)
|
Batting: LHB Oscar Curiel
|
0-0: Ball Passed Ball! Omar Cervantes to second 1-0: Ball 2-0: Foul Ball, location: 2F 2-1: Ground out U3 (Groundball, 3, EV 92.5 MPH) Omar Cervantes to third
|
Batting: SHB Luis Verduzco
|
0-0: SINGLE (Flyball, 78S, EV 97.5 MPH) Omar Cervantes scores
|
Batting: RHB Tim Dower
|
0-0: Ball Luis Verduzco steals 2nd base 1-0: Ball 2-0: Ball Wild Pitch! Luis Verduzco to third 3-0: Base on Balls
|
Batting: RHB Mikey Sano
|
0-0: Ball 1-0: Foul Ball, location: 2F 1-1: Ball 2-1: Foul Ball, location: 2F 2-2: Strikes out swinging
|
Top of the 1st over - 1 run, 2 hits, 0 errors, 2 left on base; Princeton 1 - Texas (APP) 0 |
BOTTOM OF THE 1ST |
Texas (APP) Rangers batting - Pitching for Princeton Rays : RHP Cole Roome
|
Pitching: RHP Cole Roome
|
|
Batting: SHB Tim Rogers
|
0-0: Ball 1-0: Fly out, F3 (Line Drive, 34, EV 68.1 MPH)
|
Batting: RHB Ron Squires
|
0-0: Ball 1-0: SINGLE (Line Drive, 4D, EV 96.2 MPH)
|
Batting: RHB Luis Reyna
|
0-0: Called Strike 0-1: Grounds into double play, 4-6-3 (Groundball, 4, EV 88.8 MPH)
|
Bottom of the 1st over - 0 runs, 1 hit, 0 errors, 0 left on base; Princeton 1 - Texas (APP) 0 |
TOP OF THE 2ND |
Princeton Rays batting - Pitching for Texas (APP) Rangers : LHP Michael Colin
|
Batting: LHB Dave Northam
|
0-0: Ball 1-0: Ball 2-0: Called Strike 2-1: Foul Ball, location: 2F 2-2: DOUBLE (Flyball, 78XD, EV 106.9 MPH)
|
Batting: LHB Eduardo Lopez
|
0-0: Ball 1-0: Foul Ball, location: 2F 1-1: Swinging Strike 1-2: Foul Ball, location: 2F 1-2: Strikes out swinging
|
Batting: RHB Bogumil Filipowski
|
0-0: Ball Dave Northam steals 3rd base 1-0: Foul Ball, location: 2F 1-1: Swinging Strike 1-2: Strikes out looking
|
Batting: RHB Wan-ling Zhu
|
0-0: Ball 1-0: Called Strike 1-1: Foul Ball, location: 2F 1-2: Ball 2-2: Ball 3-2: SINGLE (Groundball, 4D, EV 106.2 MPH) Dave Northam scores
|
Batting: SHB Omar Cervantes
|
0-0: Ball 1-0: Called Strike 1-1: Swinging Strike 1-2: Ball 2-2: Ball 3-2: Strikes out swinging
|
Top of the 2nd over - 1 run, 2 hits, 0 errors, 1 left on base; Princeton 2 - Texas (APP) 0 |
BOTTOM OF THE 2ND |
Texas (APP) Rangers batting - Pitching for Princeton Rays : RHP Cole Roome
|
Batting: RHB Jerry Foster
|
0-0: Ball 1-0: Foul Ball, location: 2F 1-1: Ball 2-1: Ball 3-1: Base on Balls
|
Batting: RHB Nick Solberg
|
0-0: Ball 1-0: Ball 2-0: Called Strike 2-1: Fly out, F8 (Line Drive, 8RD, EV 92.5 MPH)
|
Batting: RHB Elias Sagrero
|
0-0: Foul Ball, location: 2F 0-1: Foul Ball, location: 2F 0-2: Reached on error, E5 (Groundball, 5S, EV 83.8 MPH) Jerry Foster to second
|
Batting: LHB Santino Pisanello
|
0-0: Called Strike Jerry Foster steals 3rd base 0-1: Ball 1-1: Ball 2-1: Ball 3-1: SINGLE (Groundball, 13, EV 85.6 MPH) (infield hit) Jerry Foster scores Elias Sagrero to second
|
Batting: RHB Luis Solorzano
|
0-0: Called Strike 0-1: 3-RUN HOME RUN (Flyball, 78XD, EV 109.4 MPH), Distance : 407 ft
|
Batting: SHB Albert Ortiz
|
0-0: Ball 1-0: Ball 2-0: Ground out 4-3 (Groundball, 4S, EV 90.6 MPH)
|
Batting: SHB Tim Rogers
|
0-0: Ball 1-0: Ball 2-0: DOUBLE (Line Drive, 89D, EV 110.0 MPH)
|
Batting: RHB Ron Squires
|
0-0: Ball 1-0: Ball 2-0: Fly out, F6 (Line Drive, 6M, EV 71.9 MPH)
|
Bottom of the 2nd over - 4 runs, 3 hits, 1 error, 1 left on base; Princeton 2 - Texas (APP) 4 |
TOP OF THE 3RD |
Princeton Rays batting - Pitching for Texas (APP) Rangers : LHP Michael Colin
|
Batting: LHB Oscar Curiel
|
0-0: Called Strike 0-1: Ball 1-1: Foul Ball, location: 2F 1-2: Ball 2-2: Foul Ball, location: 2F 2-2: Ball 3-2: Foul Ball, location: 2F 3-2: Foul Ball, location: 2F 3-2: Foul Ball, location: 2F 3-2: Base on Balls
|
Batting: SHB Luis Verduzco
|
0-0: Ball 1-0: Called Strike 1-1: Ball Passed Ball! Oscar Curiel to second 2-1: Foul Ball, location: 2F 2-2: Strikes out swinging
|
Batting: RHB Tim Dower
|
0-0: Ball Passed Ball! Oscar Curiel to third 1-0: Foul Ball, location: 2F 1-1: Ball 2-1: Called Strike 2-2: Ground out 5-3 (Groundball, 56S, EV 83.1 MPH) Oscar Curiel scores
|
Batting: RHB Mikey Sano
|
0-0: Fly out, F9 (Flyball, 9LM, EV 103.1 MPH)
|
Top of the 3rd over - 1 run, 0 hits, 0 errors, 0 left on base; Princeton 3 - Texas (APP) 4 |
BOTTOM OF THE 3RD |
Texas (APP) Rangers batting - Pitching for Princeton Rays : RHP Cole Roome
|
Batting: RHB Luis Reyna
|
0-0: Ball 1-0: Ground out 6-3 (Groundball, 6, EV 105.6 MPH)
|
Batting: RHB Jerry Foster
|
0-0: Foul Ball, location: 2F 0-1: Ball 1-1: Ball 2-1: Ground out 1-3 (Groundball, 13S, EV 70.6 MPH)
|
Batting: RHB Nick Solberg
|
0-0: Ball 1-0: Foul Ball, location: 2F 1-1: Ground out 1-3 (Groundball, 34S, EV 69.4 MPH)
|
Bottom of the 3rd over - 0 runs, 0 hits, 0 errors, 0 left on base; Princeton 3 - Texas (APP) 4 |
TOP OF THE 4TH |
Princeton Rays batting - Pitching for Texas (APP) Rangers : LHP Michael Colin
|
Batting: LHB Dave Northam
|
0-0: Ball 1-0: Ball 2-0: Called Strike 2-1: Foul Ball, location: 2F 2-2: Foul Ball, location: 2F 2-2: Ball 3-2: SOLO HOME RUN (Flyball, 9LD, EV 95.0 MPH), Distance : 345 ft
|
Batting: LHB Eduardo Lopez
|
0-0: SINGLE (Line Drive, 8RS, EV 93.8 MPH)
|
Batting: RHB Bogumil Filipowski
|
0-0: Ball 1-0: Ball 2-0: Ball Eduardo Lopez steals 2nd base 3-0: Base on Balls
|
Batting: RHB Wan-ling Zhu
|
0-0: Foul Ball, location: 2F 0-1: Grounds into double play, 5-4-3 (Groundball, 56, EV 81.9 MPH) Eduardo Lopez to third
|
Batting: SHB Omar Cervantes
|
0-0: Called Strike 0-1: Ball 1-1: Ball 2-1: DOUBLE (Flyball, 89XD, EV 102.5 MPH) Eduardo Lopez scores
|
Batting: LHB Oscar Curiel
|
0-0: Ball 1-0: Ball 2-0: Called Strike 2-1: Foul Ball, location: 2F 2-2: Strikes out swinging
|
Top of the 4th over - 2 runs, 3 hits, 0 errors, 1 left on base; Princeton 5 - Texas (APP) 4 |
BOTTOM OF THE 4TH |
Texas (APP) Rangers batting - Pitching for Princeton Rays : RHP Cole Roome
|
Batting: RHB Elias Sagrero
|
0-0: Called Strike 0-1: Ball 1-1: Swinging Strike 1-2: Hit by Pitch
|
Batting: LHB Santino Pisanello
|
0-0: Called Strike 0-1: Ball 1-1: Ball 2-1: Swinging Strike 2-2: Ball 3-2: Foul Ball, location: 2F 3-2: Base on Balls Elias Sagrero to second
|
Batting: RHB Luis Solorzano
|
0-0: Ball 1-0: Ball 2-0: Ball 3-0: Called Strike 3-1: Called Strike 3-2: Fielders Choice at 2nd, 6-4 (Groundball, 56, EV 82.5 MPH) Elias Sagrero to third
|
Batting: SHB Albert Ortiz
|
0-0: Called Strike 0-1: Ball 1-1: Ball 2-1: Foul Ball, location: 2F 2-2: Strikes out looking
|
Batting: SHB Tim Rogers
|
0-0: Ball 1-0: Foul Ball, location: 2F 1-1: SINGLE (Groundball, 56S, EV 66.2 MPH) (infield hit) Elias Sagrero scores Luis Solorzano to second
|
Pitching: RHP Cortez Cruz
|
|
Batting: RHB Ron Squires
|
0-0: Fly out, F4 (Line Drive, 4M, EV 87.5 MPH)
|
Bottom of the 4th over - 1 run, 1 hit, 0 errors, 2 left on base; Princeton 5 - Texas (APP) 5 |
TOP OF THE 5TH |
Princeton Rays batting - Pitching for Texas (APP) Rangers : LHP Michael Colin
|
Batting: SHB Luis Verduzco
|
0-0: Swinging Strike 0-1: Called Strike 0-2: Fly out, F9 (Line Drive, 9S, EV 91.9 MPH)
|
Batting: RHB Tim Dower
|
0-0: SINGLE (Groundball, 4D, EV 106.9 MPH)
|
Batting: RHB Mikey Sano
|
0-0: Grounds into double play, 4-6-3 (Groundball, 34, EV 103.1 MPH)
|
Top of the 5th over - 0 runs, 1 hit, 0 errors, 0 left on base; Princeton 5 - Texas (APP) 5 |
BOTTOM OF THE 5TH |
Texas (APP) Rangers batting - Pitching for Princeton Rays : RHP Cortez Cruz
|
Batting: RHB Luis Reyna
|
0-0: Swinging Strike 0-1: Called Strike 0-2: Ball 1-2: Ball 2-2: SOLO HOME RUN (Line Drive, 7D, EV 101.9 MPH), Distance : 377 ft
|
Batting: RHB Jerry Foster
|
0-0: Ball 1-0: DOUBLE (Line Drive, 7LM, EV 110.0 MPH)
|
Batting: RHB Nick Solberg
|
0-0: Ball 1-0: Called Strike 1-1: 2-RUN HOME RUN (Line Drive, 7LD, EV 93.8 MPH), Distance : 349 ft
|
Batting: RHB Elias Sagrero
|
0-0: Called Strike 0-1: Ground out 5-3 (Groundball, 56, EV 80.0 MPH)
|
Batting: LHB Santino Pisanello
|
0-0: Called Strike 0-1: Called Strike 0-2: Ball 1-2: Ball 2-2: Foul Ball, location: 2F 2-2: Foul Ball, location: 2F 2-2: Ball 3-2: Base on Balls
|
Batting: RHB Luis Solorzano
|
0-0: Ball Santino Pisanello is caught stealing 2nd base 2-4 1-0: Ball 2-0: Swinging Strike 2-1: Ground out 6-3 (Groundball, 6, EV 93.1 MPH)
|
Bottom of the 5th over - 3 runs, 3 hits, 0 errors, 0 left on base; Princeton 5 - Texas (APP) 8 |
TOP OF THE 6TH |
Princeton Rays batting - Pitching for Texas (APP) Rangers : LHP Michael Colin
|
Batting: LHB Dave Northam
|
0-0: Called Strike 0-1: Called Strike 0-2: Foul Ball, location: 2F 0-2: Ball 1-2: Ball 2-2: Ball 3-2: Foul Ball, location: 2F 3-2: Foul Ball, location: 2F 3-2: Strikes out looking
|
Pitching: RHP Tamirat Abboud
|
|
Batting: LHB Eduardo Lopez
|
0-0: Called Strike 0-1: Swinging Strike 0-2: Ball 1-2: Ball 2-2: Strikes out swinging
|
Pinch Hitting: SHB Berthold Frey
|
0-0: Foul Ball, location: 2F 0-1: Called Strike 0-2: Ground out 1-3 (Groundball, 13S, EV 76.9 MPH)
|
Top of the 6th over - 0 runs, 0 hits, 0 errors, 0 left on base; Princeton 5 - Texas (APP) 8 |
BOTTOM OF THE 6TH |
Texas (APP) Rangers batting - Pitching for Princeton Rays : RHP Cortez Cruz
|
Pitching: RHP Marc Furr
|
|
Now at 3B: Wan-ling Zhu
|
|
Now at SS: Dave Valdez
|
|
Batting: SHB Albert Ortiz
|
0-0: Ball 1-0: Swinging Strike 1-1: Foul Ball, location: 2F 1-2: Foul Ball, location: 2F 1-2: Ball 2-2: Ball 3-2: Fly out, F4 (Flyball, 4D, EV 93.1 MPH)
|
Batting: SHB Tim Rogers
|
0-0: Called Strike 0-1: Ball 1-1: SINGLE (Line Drive, 9LS, EV 95.0 MPH)
|
Batting: RHB Ron Squires
|
0-0: Ball 1-0: Fielders Choice at 2nd, 6-4 (Groundball, 56, EV 110.6 MPH)
|
Batting: RHB Luis Reyna
|
0-0: Ball Ron Squires steals 2nd base 1-0: Ball 2-0: Ball 3-0: Called Strike 3-1: Ground out 3-1 (Groundball, 34S, EV 87.5 MPH)
|
Bottom of the 6th over - 0 runs, 1 hit, 0 errors, 1 left on base; Princeton 5 - Texas (APP) 8 |
TOP OF THE 7TH |
Princeton Rays batting - Pitching for Texas (APP) Rangers : RHP Tamirat Abboud
|
Batting: RHB Wan-ling Zhu
|
0-0: Foul Ball, location: 2F 0-1: Ball 1-1: Foul Ball, location: 2F 1-2: Ball 2-2: Ball 3-2: Strikes out looking
|
Batting: SHB Omar Cervantes
|
0-0: Foul Ball, location: 2F 0-1: Foul Ball, location: 2F 0-2: Ball 1-2: Ball 2-2: Ball 3-2: Foul Ball, location: 2F 3-2: Ground out U3 (Groundball, 34, EV 105.0 MPH)
|
Batting: LHB Oscar Curiel
|
0-0: Ball 1-0: Fly out, F8 (Line Drive, 8RM, EV 95.6 MPH)
|
Top of the 7th over - 0 runs, 0 hits, 0 errors, 0 left on base; Princeton 5 - Texas (APP) 8 |
BOTTOM OF THE 7TH |
Texas (APP) Rangers batting - Pitching for Princeton Rays : RHP Marc Furr
|
Batting: RHB Jerry Foster
|
0-0: Ball 1-0: Called Strike 1-1: SOLO HOME RUN (Flyball, 7D, EV 100.0 MPH), Distance : 385 ft
|
Batting: RHB Nick Solberg
|
0-0: Called Strike 0-1: Hit by Pitch, AND HE CHARGES THE MOUND! The benches clear!
|
Pitching: RHP Mike Balm
|
|
Pinch Runner at 1st Bobby Scott:
|
|
Batting: RHB Elias Sagrero
|
0-0: Bunted foul 0-1: Bunt missed! 0-2: Ball 1-2: Foul Ball, location: 2F 1-2: SINGLE (Groundball, 6M, EV 85.0 MPH) (infield hit) Bobby Scott to second
|
Batting: LHB Santino Pisanello
|
0-0: Bunt missed! 0-1: Bunted foul 0-2: Ball 1-2: Fielders Choice at 2nd, 5-4 (Groundball, 56, EV 87.5 MPH) Bobby Scott to third
|
Batting: RHB Luis Solorzano
|
0-0: Ball 1-0: Called Strike 1-1: Foul Ball, location: 2F 1-2: Strikes out swinging
|
Batting: SHB Albert Ortiz
|
0-0: Ball 1-0: Swinging Strike 1-1: Ball 2-1: Foul Ball, location: 2F 2-2: Foul Ball, location: 2F 2-2: Ball 3-2: Foul Ball, location: 2F 3-2: Strikes out swinging
|
Bottom of the 7th over - 1 run, 2 hits, 0 errors, 2 left on base; Princeton 5 - Texas (APP) 9 |
TOP OF THE 8TH |
Princeton Rays batting - Pitching for Texas (APP) Rangers : RHP Tamirat Abboud
|
Now in CF: Eddie Reyes
|
|
Batting: SHB Luis Verduzco
|
0-0: SOLO HOME RUN (Flyball, 9D, EV 99.4 MPH), Distance : 370 ft
|
Pinch Hitting: SHB Ray Luna
|
0-0: Ball 1-0: SINGLE (Groundball, 34D, EV 101.2 MPH)
|
Batting: RHB Mikey Sano
|
0-0: Foul Ball, location: 2F 0-1: Swinging Strike 0-2: Strikes out looking
|
Batting: LHB Dave Northam
|
0-0: Ball 1-0: Ball 2-0: Called Strike 2-1: TRIPLE (Line Drive, 89XD, EV 98.8 MPH) Ray Luna scores
|
Batting: LHB Eduardo Lopez
|
0-0: Called Strike 0-1: Swinging Strike 0-2: Ball 1-2: Fly out, F8 (Flyball, 78XD, EV 105.0 MPH) Runner from 3rd tags up, SCORES, no throw by CF
|
Pitching: LHP Ryan Tillett
|
|
Batting: RHB Dave Valdez
|
0-0: Ball 1-0: Called Strike 1-1: Foul Ball, location: 2F 1-2: Foul Ball, location: 2F 1-2: Foul Ball, location: 2F 1-2: Foul Ball, location: 2F 1-2: Strikes out swinging
|
Top of the 8th over - 3 runs, 3 hits, 0 errors, 0 left on base; Princeton 8 - Texas (APP) 9 |
BOTTOM OF THE 8TH |
Texas (APP) Rangers batting - Pitching for Princeton Rays : RHP Mike Balm
|
Now in CF: Sean Boenig
|
|
Batting: SHB Tim Rogers
|
0-0: Ball 1-0: Called Strike 1-1: Foul Ball, location: 2F 1-2: Ball 2-2: Ball 3-2: Ground out 4-3 (Groundball, 4S, EV 83.8 MPH)
|
Batting: RHB Ron Squires
|
0-0: Ball 1-0: Ball 2-0: Ball 3-0: Base on Balls
|
Batting: RHB Luis Reyna
|
0-0: Called Strike 0-1: Called Strike 0-2: Foul Ball, location: 2F 0-2: Ball Ron Squires steals 2nd base 1-2: Ball 2-2: Ball 3-2: Ground out 6-3 (Groundball, 6, EV 81.2 MPH) Ron Squires to third
|
Batting: RHB Jerry Foster
|
0-0: Intentional Walk
|
Batting: LHB Eddie Reyes
|
0-0: Foul Ball, location: 2F 0-1: Ball 1-1: Ball 2-1: Foul Ball, location: 2F 2-2: Ground out 1-3 (Groundball, 13S, EV 71.2 MPH)
|
Bottom of the 8th over - 0 runs, 0 hits, 0 errors, 2 left on base; Princeton 8 - Texas (APP) 9 |
TOP OF THE 9TH |
Princeton Rays batting - Pitching for Texas (APP) Rangers : LHP Ryan Tillett
|
Pitching: LHP Alex Boites
|
|
Batting: RHB Wan-ling Zhu
|
0-0: Called Strike 0-1: Ball 1-1: Called Strike 1-2: Strikes out swinging
|
Batting: SHB Omar Cervantes
|
0-0: Ball 1-0: Called Strike 1-1: Foul Ball, location: 2F 1-2: Strikes out swinging
|
Batting: LHB Oscar Curiel
|
0-0: Called Strike 0-1: Foul Ball, location: 2F 0-2: Strikes out swinging
|
Top of the 9th over - 0 runs, 0 hits, 0 errors, 0 left on base; Princeton 8 - Texas (APP) 9 |
|